 Dungeon Crawl Stone Soup version 0.30-a0-1103-g25895a7845 (webtiles) character file.

Game seed: 4562529439436643114

212 demibob the Cudgeller (level 5, -4/37 HPs)
             Began as a Demonspawn Artificer on Apr 18, 2023.
             Slain by an orc wizard
             ... wielding a +0 trident
              (6 damage)
             ... on level 4 of the Dungeon.
             The game lasted 00:05:28 (3211 turns).

demibob the Cudgeller (Demonspawn Artificer)        Turns: 3211, Time: 00:05:29

Health: -4/37      AC:  3    Str: 14    XL:     5   Next: 58%
Magic:  5/5        EV: 11    Int: 12    God:
Gold:   167        SH:  0    Dex: 14    Spells: 4/4 levels left

rFire   . . .      SeeInvis +    a - staff of earth "Izet" {rPois rCorr SInv, !a}
rCold   . . .      Faith    .    (no shield)
rNeg    . . .      Spirit   .    b - +0 leather armour
rPois   +          Reflect  .    (no helmet)
rElec   .          Rampage  .    (no cloak)
rCorr   +                        (no gloves)
Will    .....                    (no boots)
Stlth   +                        (no amulet)
HPRegen 0.26/turn                Z - ring of wizardry
MPRegen 0.09/turn                L - ring of flight

@: flying
A: foul stench 1, weakness stinger 1
a: no special abilities


You were on level 4 of the Dungeon.
You visited 1 branch of the dungeon, and saw 4 of its levels.

You collected 167 gold pieces.


Innate Abilities, Weirdness & Mutations

You may rarely emit foul miasma when damaged in melee.
You have a small tail.


   Skills:
 - Level 1.0 Fighting
 - Level 3.5(3.9) Maces & Flails
 + Level 2.1(3.1) Staves
 - Level 1.7 Armour
 - Level 0.8 Dodging
 - Level 0.8 Stealth
 + Level 2.1 Earth Magic
 - Level 3.0 Evocations


You had 4 spell levels left.
You didn't know any spells.
Your spell library was empty.

Inventory:

Hand Weapons
 f - a +0 club
 l - a +1 mace
Armour
 b - a +0 leather armour (worn)
Magical Staves
 a - the staff of earth "Izet" (weapon) {rPois rCorr SInv, !a}
   (You acquired it on level 3 of the Dungeon)

   [staff of earth]

   Base accuracy: +5 Base damage: 5 Base attack delay: 1.2 This weapon's minimum
   attack delay (0.6) is reached at skill level 12.
   rPois:     It protects you from poison.
   SInv:      It lets you see invisible.
   rCorr:     It protects you from acid and corrosion.
   It falls into the 'Staves' category.
   It is a one-handed weapon.
Jewellery
 L - a ring of flight (right hand)
 N - a ring of positive energy
 P - a ring of poison resistance
 Z - a ring of wizardry (left hand)
Wands
 c - a wand of flame (15) (quivered)
 d - a wand of charming (15)
 e - a wand of iceblast (5)
Scrolls
 g - 4 scrolls of identify {@r1}
 h - 2 scrolls of teleportation {@r2}
 j - a scroll of amnesia {unknown}
Potions
 k - 2 potions of haste {@q3}

Dungeon Overview and Level Annotations

Branches:
Dungeon (4/15)
 Temple: D:4-7

Altars:
Cheibriados

###........... .#
#................#
.###)<.............. .#
..###.)............# #.#
..####.............# #.....
#.)###...........[. #..(...
###..#.#..........##.......
..÷.............o...#......
................@..........
.♣P♣P...♣♣♣♣♣♣♣...##...PP
~..................#..P.P
~~P................)..P.♣
~.P..............###..PPP
.♣.♣♣...♣♣♣♣♣♣..####........
...P..)..........J##.......<
........♣P.~~~..............
...P....P..~8~........PPPP..


You could see an orc wizard.


Message History

* * * LOW HITPOINT WARNING * * *
You are too injured to fight recklessly!
You are too injured to fight recklessly!
You hit the orc wizard.
The orc wizard is heavily wounded.
The orc wizard hits you with a +0 trident!
* * * LOW HITPOINT WARNING * * *
You hit the orc wizard.
The orc wizard is heavily wounded.
The orc wizard points at you and mumbles some strange words.
You are confused.
Okay, then.
You hit the orc wizard.
The orc wizard is severely wounded.
The orc wizard closely misses you.
The orc wizard hits you but does no damage.
You bump into the rock wall.
The orc wizard barely misses you.
You hit the orc wizard but do no damage.
The orc wizard is heavily wounded.
The orc wizard hits you with a +0 trident.
* * * LOW HITPOINT WARNING * * *
The orc wizard barely misses you.
The orc wizard attacks as you move away!
The orc wizard hits you with a +0 trident.
* * * LOW HITPOINT WARNING * * *
You feel less confused.
The orc wizard hits you from afar with a +0 trident!
* * * LOW HITPOINT WARNING * * *
The orc wizard hits you with a +0 trident.
You die...

Skill      XL: |  1  2  3  4  5 |
---------------+----------------+-----
Maces & Flails | 1 2 3 |  3.5
Earth Magic    | 1 2 |  2.1
Staves         | 1 2 |  2.1
Fighting       | |  1.0
Armour         | |  1.7
Dodging        | |  0.8
Stealth        | |  0.8
Evocations     | |  3.0

Action                     |  1- 3 |  4- 6 || total
---------------------------+-------+-------++-------
  Melee: Mace              |   122 |    35 ||   157
         Tailslap          |    14 |    12 ||    26
         Staff             |       |    98 ||    98
         Punch             |       |     1 ||     1
    Use: Potion            |     2 |     5 ||     7
         Scroll            |     7 |     1 ||     8
   Stab: Sleeping          |     1 |       ||     1
         Distracted        |       |     1 ||     1
 Armour: Leather armour    |    48 |    31 ||    79
         Skin              |       |    11 ||    11
  Dodge: Dodged            |    95 |    75 ||   170

Levels and vault maps discovered:
D:1:      ncdulo_lavacross, layout_loops_corners
D:2:      layout_loops_ring, basic_altar, serial_aquarium,
          aquarium_bridge_long_joined [aquarium_subvault_balcony,
          aquarium_subvault_bridge, aquarium_subvault_window,
          aquarium_subvault_wall, aquarium_subvault_wall,
          aquarium_subvault_wall], aquarium_bridge_square
          [aquarium_subvault_wall, aquarium_subvault_wall,
          aquarium_subvault_bridge, aquarium_subvault_bridge],
          aquarium_window_3, aquarium_window_corner, aquarium_view_2d,
          aquarium_view_2d, aquarium_pool_corner, minmay_tall_x
D:3:      layout_rooms
D:4:      layout_cave_pods, fiery_altar_vehumet, nzn_wu_jian_contemplation,
          serial_park, serial_park_paths [serial_park_minivault_5x5_2],
          serial_park_square1 [serial_park_minivault_5x5_1], serial_park_square3
          [serial_park_minivault_5x5_5], serial_park_square2, uniq_sigmund,
          uniq_eustachio, uniq_pikel, uniq_ijyb

Notes
Turn   | Place    | Note
-------+----------+-------------------------------------------
     0 | D:1      | demibob the Demonspawn Artificer began the quest for the
                  | Orb.
     0 | D:1      | Reached XP level 1. HP: 15/15 MP: 1/1
   209 | D:1      | Reached skill level 1 in Maces & Flails
   305 | D:1      | Gained mutation: You have a small tail. [demonic ancestry]
   305 | D:1      | Reached XP level 2. HP: 4/21 MP: 2/2
   305 | D:1      | HP: 1/21 [hobgoblin (4)]
   580 | D:1      | Reached skill level 2 in Maces & Flails
   623 | D:1      | Gained mutation: You may rarely emit foul miasma when
                  | damaged in melee. [demonic ancestry]
   623 | D:1      | Reached XP level 3. HP: 12/26 MP: 3/3
  1355 | D:2      | Reached skill level 3 in Maces & Flails
  1470 | D:2      | Found a snail-covered altar of Cheibriados.
  1724 | D:2      | Identified the +9 short sword "Hellblazer" {heavy, rElec
                  | Will+++ Str-4 Dex+3}
  1965 | D:3      | Reached XP level 4. HP: 16/32 MP: 4/4
  2592 | D:3      | Identified a scroll of acquirement
  2592 | D:3      | Acquired the staff of earth "Izet" {rPois rCorr SInv}
  2692 | D:4      | Reached skill level 1 in Earth Magic
  2697 | D:4      | Reached skill level 1 in Staves
  2956 | D:4      | Reached XP level 5. HP: 21/37 MP: 5/5
  3059 | D:4      | HP: 2/37 [scorpion (5)]
  3061 | D:4      | Reached skill level 2 in Staves
  3061 | D:4      | Reached skill level 2 in Earth Magic
  3210 | D:4      | HP: 1/37 [orc wizard/+0 trident (7)]
  3211 | D:4      | Slain by an orc wizard

Vanquished Creatures
  A scorpion (D:4)
  A jelly (D:4)
  2 adders
  2 worms
  3 dart slugs (D:1)
  7 orcs
  7 ball pythons
  4 endoplasms
  3 giant cockroaches
  6 hobgoblins
  4 jackals
  8 kobolds
  4 quokkas
  6 bats
  2 frilled lizards (D:1)
  6 goblins
  8 rats
74 creatures vanquished.

Vanquished Creatures (others)
  An orc wizard (D:4)
  3 plants (D:4)
4 creatures vanquished.

Grand Total: 78 creatures vanquished

Table legend: (Time is in decaauts)
 A = Elapsed time spent in this place.
 B = Non-inter-level travel time spent in this place.
 C = Inter-level travel time spent in this place.
 D = Time resting spent in this place.
 E = Time spent auto-exploring this place.
 F = Levels seen in this place.
 G = Mean time per level.
                   A        B        C        D        E       F      G
               +--------+--------+--------+--------+--------+-----+--------+
         Total |   3258 |   3192 |     66 |    295 |   2294 |   4 |  814.5 |
       Dungeon |   3258 |   3192 |     66 |    295 |   2294 |   4 |  814.5 |
               +--------+--------+--------+--------+--------+-----+--------+

Top non-repeatable levels by time:
     D:1: 1016 daAuts
     D:2: 955 daAuts
     D:3: 685 daAuts
     D:4: 600 daAuts

Table legend:
 A = Non-vault XP
 B = Vault XP
 C = Vault XP percentage of total XP
 D = Non-vault monster count
 E = Vault monster count
 F = Vault count percentage of total count
                 A         B        C        D         E       F
            +---------+---------+-------+---------+---------+-------
      Total |     280 |      23 |   7.6 |      70 |       5 |   6.7
            +---------+---------+-------+---------+---------+-------
        D:1 |      51 |       0 |   0.0 |      26 |       0 |   0.0
        D:2 |      17 |      22 |  56.4 |      10 |       4 |  28.6
        D:3 |      31 |       0 |   0.0 |      18 |       0 |   0.0
        D:4 |     181 |       1 |   0.5 |      16 |       1 |   5.9
            +---------+---------+-------+---------+---------+-------
